 Dungeon Crawl Stone Soup version 0.19.0 (webtiles) character file.

453 varam the Ducker (level 7, -1/44 HPs)
             Began as an Octopode Transmuter on Nov 1, 2016.
             Was a Follower of Sif Muna.
             Killed from afar by Dowan (14 damage)
             ... with a stone arrow
             ... on level 5 of the Dungeon.
             The game lasted 00:11:10 (5156 turns).

varam the Ducker (Octopode Transmuter)              Turns: 5156, Time: 00:11:11

Health: -1/44      AC:  2    Str: 10    XL:     7   Next: 5%
Magic:  4/10       EV: 23    Int: 21    God:    Sif Muna [*.....]
Gold:   189        SH:  0    Dex: 17    Spells: 3 memorised, 4 levels left

rFire  . . .     SeeInvis .       - Unarmed
rCold  . . .     Gourm    .     (shield currently unavailable)
rNeg   . . .     Faith    .     (helmet currently unavailable)
rPois  x         Spirit   .     (no amulet)
rElec  .         Reflect  .     r - +4 ring of intelligence
rCorr  .         Harm     .     p - ring of stealth
MR     .....                    (no ring)
Stlth  +++.......               (no ring)
                                (no ring)
                                (no ring)
                                (no ring)
                                (no ring)

@: spider-form, very slightly contaminated
A: almost no armour, stealthy swim, (amphibious), 8 rings, (constrict 8),
(camouflage 0), (gelatinous body 0)
a: End Transformation, Divine Energy, Renounce Religion


You were on level 5 of the Dungeon.
You worshipped Sif Muna.
Sif Muna was aware of your devotion.
You were not hungry.
You were a venomous arachnid creature.
You visited 2 branches of the dungeon, and saw 6 of its levels.
You also visited: Sewer.

You collected 189 gold pieces.

Inventory:

Missiles
 a - 99 arrows
Jewellery
 p - a ring of stealth (right front leg)
 q - an uncursed ring of positive energy {unknown}
 r - a +4 ring of intelligence (left front leg)
Scrolls
 d - a scroll of enchant armour
 e - 3 scrolls of remove curse
 g - 2 scrolls of immolation
 i - a scroll of teleportation
 k - a scroll of fear
 m - a scroll of noise
 n - 2 scrolls of recharging {unknown}
 o - 3 scrolls of enchant weapon {unknown}
Potions
 j - a potion of haste
 t - a potion of mutation {unknown}
 u - a potion of curing {unknown}
 v - a potion of cancellation {unknown}
 x - 2 potions of flight {unknown}
 z - a potion of brilliance {unknown}
 A - 2 potions of degeneration {unknown}
 B - 2 potions of magic {unknown}
Books
 b - a book of Changes

   Spells                             Type                      Level
   a - Beastly Appendage              Transmutation                1
   b - Sticks to Snakes               Transmutation                2
   c - Spider Form                    Transmutation/Poison         3
   d - Ice Form                       Ice/Transmutation            4
   e - Blade Hands                    Transmutation                5
Comestibles
 c - 2 bread rations
 h - 2 slices of pizza
 l - 6 fruits
 s - 2 meat rations
 w - 2 chunks of flesh


   Skills:
 + Level 1.7 Fighting
 + Level 4.8 Dodging
 + Level 4.1 Unarmed Combat
 + Level 2.2 Spellcasting
 + Level 4.6 Transmutations


You had 4 spell levels left.
You knew the following spells:

 Your Spells              Type           Power        Failure   Level  Hunger
a - Beastly Appendage     Tmut           ###...       8%          1    #......
b - Sticks to Snakes      Tmut           ###.....     12%         2    ##.....
c - Spider Form           Tmut/Pois      ##........   41%         3    ###....


Dungeon Overview and Level Annotations

Branches:
Dungeon (5/15)             Temple (1/1) D:4

Altars:
Dithmenos
Elyvilon
Nemelex Xobeh
Okawaru
Qazlal
Sif Muna
Trog
Uskayaw
Yredelemnul

Annotations:
D:5 Dowan


Innate Abilities, Weirdness & Mutations

You cannot wear most types of armour.
You are very stealthy in the water. (Stealth+)
((You are amphibious.))
You can wear up to eight rings at the same time.
((You can use your tentacles to constrict eight enemies at once.))
((Your skin changes colour to match your surroundings (Stealth+).))
((Your rubbery body absorbs attacks. (AC +1, EV +1)))


Message History

You bite Duvessa!
Duvessa looks as sick as possible!
Duvessa is severely wounded.
Duvessa barely misses you. Dowan misses you.
You bite Duvessa!
Duvessa looks as sick as possible!
Duvessa is almost dead.
You kill Duvessa!
Sif Muna accepts your kill.
Dowan seems overcome with grief, but rights himself reflexively soon after.
Dowan seems to find hidden reserves of power!
You can now request divine energy to cast spells with insufficient magic.
Your Unarmed Combat skill increases to level 4!
You have reached level 7!
Dowan casts a spell at you. The stone arrow hits you!
You bite Dowan!
Dowan is moderately wounded.
Dowan says, "Magic will overcome all!"
Dowan gestures at you while chanting. The stone arrow hits you!
You die...

### #.#
#.# #.#
..#.# #)#
#.#.# #s#
#....
.......e#
#...
.........
#≈≈≈
##.##.##.#
#≈≈≈ # #.
.# #≈≈≈ #.
.. #.÷≈ #
.. ####
... # #


You could see Dowan.

Vanquished Creatures
  Duvessa (D:5)
  A scorpion (D:4)
  A howler monkey (D:4)
  An orc wizard (D:4)
  2 worker ants
  7 adders
  2 river rats (D:5)
  5 oozes
  3 worms (Sewer)
  2 dart slugs (D:1)
  6 leopard geckos
  5 orcs (D:4)
  17 bats
  3 giant cockroaches
  2 goblins
  7 hobgoblins
  6 kobolds
  2 ball pythons (Sewer)
  7 frilled lizards
  12 rats
92 creatures vanquished.

Vanquished Creatures (others)
  A ball python (D:2)
1 creature vanquished.

Grand Total: 93 creatures vanquished

Notes
Turn   | Place    | Note
-------+----------+-------------------------------------------
     0 | D:1      | varam the Octopode Transmuter began the quest for the Orb.
     0 | D:1      | Reached XP level 1. HP: 13/13 MP: 3/3
   245 | D:1      | Reached XP level 2. HP: 17/18 MP: 5/5
   609 | D:1      | Reached XP level 3. HP: 23/23 MP: 6/6
   716 | D:1      | Learned a level 2 spell: Sticks to Snakes
   720 | D:1      | Learned a level 3 spell: Spider Form
   740 | D:1      | Reached skill level 3 in Transmutations
  1091 | D:2      | Reached skill level 3 in Dodging
  1319 | D:2      | Found a stormy altar of Qazlal.
  1605 | D:2      | Reached XP level 4. HP: 7/28 MP: 7/7
  1623 | D:2      | HP: 2/28 [poisoned by an adder]
  3152 | D:4      | Reached skill level 4 in Dodging
  3152 | D:4      | Reached XP level 5. HP: 26/33 MP: 1/8
  3472 | D:4      | Found a staircase to the Ecumenical Temple.
  3496 | Temple   | Entered the Ecumenical Temple
  3501 | Temple   | Became a worshipper of Sif Muna the Loreminder
  3862 | D:4      | Reached skill level 4 in Transmutations
  3862 | D:4      | Reached XP level 6. HP: 27/38 MP: 7/9
  4609 | D:5      | Entered Level 5 of the Dungeon
  4611 | D:5      | Found a glowing drain.
  4626 | Sewer    | Entered a sewer
  5015 | D:5      | Noticed Duvessa
  5015 | D:5      | Noticed Dowan
  5155 | D:5      | Killed Duvessa
  5155 | D:5      | Reached * piety under Sif Muna
  5155 | D:5      | Reached skill level 4 in Unarmed Combat
  5155 | D:5      | Reached XP level 7. HP: 28/44 MP: 4/10
  5156 | D:5      | Killed from afar by Dowan

Skill      XL: |  1  2  3  4  5  6 |
---------------+-------------------+-----
Transmutations | 3 4 |  4.6
Dodging        | 3 4 |  4.8
Unarmed Combat | 4 |  4.1
Fighting       | |  1.7
Spellcasting   | |  2.2

Action                   |  1- 3 |  4- 6 |  7- 9 || total
-------------------------+-------+-------+-------++-------
Melee: Unarmed           |    74 |   170 |     1 ||   245
       Constrict         |    23 |    25 |       ||    48
       Tentacles         |    19 |    11 |       ||    30
       Punch             |     1 |     6 |       ||     7
       Kick              |       |     9 |       ||     9
 Cast: Beastly Appendage |     1 |     6 |       ||     7
       Sticks to Snakes  |       |     3 |       ||     3
       Spider Form       |       |     9 |       ||     9
  Use: Scroll            |     6 |     2 |       ||     8
       Potion            |       |     1 |       ||     1
 Stab: Sleeping          |     7 |    14 |       ||    21
  Eat: Chunk             |     2 |    11 |       ||    13
       Royal jelly       |       |     1 |       ||     1
Armor: Skin              |     9 |    11 |       ||    20
Dodge: Dodged            |    60 |   117 |       ||   177
